Map: Automaton LE

Players

LiquidTLO (TLO)

  • Race: Zerg Zerg
  • League: Grandmaster
  • Spawn Location: 9:00

Lambo - Winner!

  • Race: Zerg Zerg
  • League: Grandmaster
  • Spawn Location: 3:00

VOD

Have the link to the VOD?

Description

Time

  • Played on: Dec. 5, 2018, 1:09 p.m.
  • Length: 6:13
Show
View Real Time Build Order
Export as new Build Order

LiquidTLO Zerg 

Build Orders: Hatch First 

Get SALT Encoding   

  12  0:00  Drone  
  13  0:08  Drone  
  14  0:17  Overlord  
  14  0:36  Drone x3  
  17  0:53  Hatchery  
  17  0:56  Drone  
  17  0:59  Drone  
  18  1:10  Extractor  
  17  1:15  Spawning Pool  
  17  1:18  Drone  
  17  1:21  Drone  
  18  1:30  Drone  
  19  1:40  Overlord  
  19  1:58  Drone  
  20  2:02  Queen  
  20  2:03  Zergling x2  
  20  2:05  Queen  
  20  2:06  Drone  
  26  2:10  Metabolic Boost  
  26  2:14  Drone  
  27  2:18  Drone  
  28  2:23  Drone  
  28  2:27  Drone  
  31  2:37  Drone  
  31  2:43  Hatchery  
  30  2:46  Queen  
  32  2:54  Baneling Nest  
  32  2:58  Overlord  
  31  3:00  Zergling x2  
  31  3:03  Drone  
  33  3:07  Drone x2  
  33  3:10  Zergling x2  
  36  3:14  Overlord  
  36  3:17  Zergling x2  
  37  3:20  Zergling x2  
  37  3:22  Zergling x2  
  37  3:25  Zergling x2  
  40  3:27  Drone  
  40  3:34  Extractor  
  40  3:35  Drone  
  40  3:36  Drone  
  40  3:39  Drone  
  40  3:40  Baneling x2  
  44  3:43  Drone  
  44  3:47  Drone  
  44  3:48  Roach Warren  
  45  3:52  Overlord  
  45  3:54  Drone  
  46  3:58  Drone  
  48  4:02  Drone  
  48  4:03  Drone  
  48  4:04  Extractor  
  48  4:08  Drone  
  49  4:21  Overlord  
  49  4:22  Baneling x2  
  47  4:28  Roach x4  
  55  4:32  Roach  
  55  4:38  Roach x2  
  56  4:42  Roach  
  52  4:50  Roach  
  53  4:53  Zergling x2  
  53  4:54  Zergling x2  
  53  4:56  Zergling x2  
  56  5:00  Zergling x2  
  56  5:03  Zergling x2  
  56  5:06  Zergling x2  
  59  5:08  Zergling x2  
  59  5:10  Zergling x2  
  59  5:12  Zergling x2  
  62  5:15  Zergling x2  
  62  5:16  Zergling x2  
  62  5:18  Zergling x2  
  62  5:19  Zergling x2  
  66  5:21  Baneling  
  66  5:26  Zergling x4  
  68  5:29  Roach  
  68  5:30  Roach  
  68  5:33  Roach  
  74  5:40  Zergling x2  
  74  5:42  Roach  
  74  5:46  Zergling x2  
  74  5:47  Roach  
  74  5:48  Roach  
  71  5:50  Roach  
  71  5:52  Roach  
  71  5:53  Roach  
  71  5:54  Roach  
  59  6:05  Ravager  
Show
View Real Time Build Order
Export as new Build Order

Lambo Zerg - Winner!

Build Orders: Hatch First 

Get SALT Encoding   

  12  0:01  Drone  
  13  0:12  Overlord  
  13  0:17  Drone  
  14  0:31  Drone x2  
  16  0:49  Hatchery  
  15  0:52  Drone  
  15  0:56  Drone  
  17  1:00  Drone  
  18  1:10  Extractor  
  17  1:15  Spawning Pool  
  17  1:18  Drone  
  17  1:21  Drone  
  18  1:28  Drone  
  19  1:38  Drone  
  20  1:50  Drone  
  21  2:01  Queen x2  
  21  2:02  Drone  
  21  2:04  Overlord  
  26  2:11  Metabolic Boost  
  26  2:13  Drone  
  26  2:14  Drone  
  28  2:23  Drone  
  28  2:25  Drone  
  30  2:36  Hatchery  
  29  2:38  Zergling x2  
  29  2:40  Zergling x2  
  31  2:50  Drone  
  32  2:52  Baneling Nest  
  31  2:58  Drone  
  31  3:02  Overlord  
  31  3:04  Drone x2  
  35  3:12  Drone  
  35  3:14  Drone  
  36  3:22  Drone x3  
  36  3:25  Zergling x6  
  42  3:28  Queen  
  42  3:33  Overlord  
  44  3:46  Baneling x3  
  44  3:52  Zergling x18  
  52  3:58  Baneling x2  
  52  4:04  Roach Warren  
  52  4:05  Extractor  
  52  4:08  Overlord  
  51  4:10  Drone x3  
  52  4:28  Overlord  
  63  4:45  Roach x8  
  62  4:59  Roach x3  
  67  5:02  Zergling x12  
  67  5:03  Overlord x2  
  67  5:05  Overlord  
  73  5:12  Overlord  
  73  5:16  Overlord  
  73  5:21  Baneling x2  
  73  5:22  Overlord  
  73  5:26  Zergling x2  
  73  5:27  Zergling x6  
  77  5:33  Zergling x8  
  81  5:39  Zergling x6  
  80  5:43  Zergling x4  
  80  5:46  Zergling x2  
  80  5:49  Ravager  
  81  5:52  Zergling x6  
  81  5:55  Ravager  
  81  5:56  Zergling x2  
Tags
 
Add a new tag
Caveats
  • Supply blocks, unpowered buildings, or Contaminate may cause inaccurate times.
  • Supply counts are checked every 10 seconds.